 Dungeon Crawl Stone Soup version 0.25-a0-474-ga8a2ee3166 (webtiles) character file.

Game seed: 2650445355327530815, levelgen mode: deterministic

25 vurker the Gusty (level 2, -1/12 HPs)
             Began as a Felid Air Elementalist on Feb 7, 2020.
             Slain by a kobold
             ... wielding a +0 dagger
              (4 damage)
             ... on level 1 of the Dungeon.
             The game lasted 00:01:05 (555 turns).

vurker the Gusty (Felid Air Elementalist)            Turns: 555, Time: 00:01:06

Health: -1/12      AC:  1    Str:  4    XL:     2   Next: 82%
Magic:  1/6        EV: 18    Int: 16    God:
Gold:   0          SH:  0    Dex: 16    Spells: 4/5 levels left
                                        Lives:  0   Deaths: 0

rFire    . . .     SeeInvis +   (weapon unavailable)
rCold    . . .     Gourm    .   (shield unavailable)
rNeg     . . .     Faith    .   (armour unavailable)
rPois    .         Spirit   .   (helmet unavailable)
rElec    .         Reflect  .   (cloak unavailable)
rCorr    .         Harm     .   (gloves unavailable)
MR       .....                  (boots unavailable)
Stlth    +++.......             (no amulet)
HPRegen  0.04/turn              (no ring)
MPRegen  0.10/turn              (no ring)

@: very slightly contaminated, quick
A: very small, no armour, no weapons or thrown items, stealth, claws 1, fangs 3,
see invisible, carnivore, speed 1, shaggy fur 1, slow metabolism 1, sharp paws
a: no special abilities


You were on level 1 of the Dungeon.
You were completely stuffed.

You visited 1 branch of the dungeon, and saw 1 of its levels.

Inventory:

Comestibles
 a - a chunk of flesh
 e - a ration


   Skills:
 + Level 0.6 Fighting
 - Level 2.6 Dodging
 - Level 2.6 Stealth
 * Level 2.4 Spellcasting
 * Level 1.4 Conjurations
 * Level 3.0 Air Magic


You had 4 spell levels left.
You knew the following spells:

 Your Spells              Type           Power        Failure   Level  Hunger
a - Shock                 Conj/Air       #...         8%          1    #......

Your spell library contained the following spells:

 Spells                   Type           Power        Failure   Level  Hunger
 Swiftness                Chrm/Air       #.......     16%         2    ###....
 Static Discharge         Conj/Air       #.......     24%         3    ###....
 Airstrike                Air            ##........   50%         4    #####..
 Lightning Bolt           Conj/Air       #.........   91%         5    ######.


Dungeon Overview and Level Annotations

Branches:
Dungeon (1/15)

Altars:


Innate Abilities, Weirdness & Mutations

You cannot wear armour.
You are incapable of wielding weapons or throwing items.
Your paws allow you to move quietly. (Stealth)
You have sharp claws.
You have razor-sharp teeth.
You have supernaturally acute eyesight. (SInv)
You are carnivorous and can eat meat at any time.
You cover ground quickly.
You are covered in fur. (AC +1)
You have a slow metabolism.
Your sharp claws are effective at attacking unaware monsters.


Message History

You are very lightly contaminated with residual magic.
Nothing appears to happen.
A jackal comes into view.
Aim: a jackal The zap misses the jackal.
The zap hits the jackal.
The jackal barks!
Aim: a jackal The zap hits the jackal. x3
Aim: a jackal (lightly wounded)
The zap hits the jackal.
The zap misses the jackal.
The jackal bites you.
You don't have enough magic to cast that spell.
The jackal closely misses you.
You scratch the jackal but do no damage.
The jackal misses you.
You scratch the jackal but do no damage.
The jackal bites you. The jackal completely misses you.
The jackal bites you but does no damage.
The jackal misses you. The jackal completely misses you. x2
Aim: a jackal (lightly wounded)
You miscast Shock.
Your skin glows momentarily.
The jackal bites you.
You don't have enough magic to cast that spell.
The jackal barely misses you.
You see here a coppery potion.
You scratch the jackal but do no damage.
The jackal barely misses you.
You miss the jackal. The jackal barely misses you.
The jackal pauses to sniff the ground.
You closely miss the jackal. You bite the jackal, but do no damage.
The jackal closely misses you. The jackal misses you.
You scratch the jackal.
You kill the jackal!
The jackal barely misses you.
You scratch the jackal.
You kill the jackal!
You miscast Shock.
The wind howls around you! The jackal bites you.
* * * LOW HITPOINT WARNING * * *
The jackal misses you.
You barely miss the jackal. The jackal closely misses you.
You scratch the jackal. The jackal closely misses you.
You closely miss the jackal. The jackal closely misses you. x2
You scratch the jackal.
You kill the jackal!
You closely miss the kobold. Your bite misses the kobold.
The kobold completely misses you.
You scratch the kobold. The kobold hits you with a +0 dagger.
* * * LOW HITPOINT WARNING * * *
You scratch the kobold but do no damage.
The kobold completely misses you.
You barely miss the kobold. The kobold hits you with a +0 dagger.
You die...

#.####..#.# #.#
#.#..#
######.###.###.##
#..... #.# ##.#
#.#...####.###รท##
#..###.## #.#..#
#...K...###..#.#
#K##....(....#.#
##@##.#..####.#.#
#....?.....#.##
#.#.#
#########....#
#>#.# ####.# #.#.#
#.# #.#.# #.# #..
#.# .# .!# ...


You could see a kobold.

Vanquished Creatures
  2 leopard geckos (D:1)
  2 giant cockroaches (D:1)
  A goblin (D:1)
  3 hobgoblins (D:1)
  4 jackals (D:1)
  A kobold (D:1)
  3 bats (D:1)
  A frilled lizard (D:1)
  2 rats (D:1)
19 creatures vanquished.

Notes
Turn   | Place    | Note
-------+----------+-------------------------------------------
     0 | D:1      | vurker the Felid Air Elementalist began the quest for the
                  | Orb.
     0 | D:1      | Reached XP level 1. HP: 7/7 MP: 4/4
    43 | D:1      | Reached skill level 1 in Conjurations
   137 | D:1      | Reached XP level 2. HP: 8/11 MP: 0/6
   457 | D:1      | Reached skill level 3 in Air Magic
   555 | D:1      | Slain by a kobold

Levels and vault maps discovered:
D:1:      dpeg_arrival_shrine, layout_loops_ring

Skill      XL: |  1  2 |
---------------+-------+-----
Conjurations   | 1 |  1.4
Air Magic      | 3 |  3.0
Fighting       | |  0.6
Dodging        | |  2.6
Stealth        | |  2.6
Spellcasting   | |  2.4

Action                   || total
-------------------------++-------
Melee: Unarmed           ||    31
       Bite              ||     1
 Cast: Shock             ||    38
  Eat: Chunk             ||     7
Armor: Skin              ||     1
Dodge: Dodged            ||    39

Table legend:
 A = Non-vault XP
 B = Vault XP
 C = Vault XP percentage of total XP
 D = Non-vault monster count
 E = Vault monster count
 F = Vault count percentage of total count
                 A         B        C        D         E       F
            +---------+---------+-------+---------+---------+-------
      Total |      36 |       0 |   0.0 |      19 |       0 |   0.0
            +---------+---------+-------+---------+---------+-------
        D:1 |      36 |       0 |   0.0 |      19 |       0 |   0.0
            +---------+---------+-------+---------+---------+-------
